 Dungeon Crawl Stone Soup version 0.29.1-12-g30fa7ad0bf (webtiles) character file.

Game seed: 13286914541137482923

171 croobank the Caller (level 5, -24/34 HPs)
             Began as an Octopode Summoner on Jan 3, 2023.
             Annihilated by an ogre
             ... wielding a +0 giant club
              (31 damage)
             ... on level 3 of the Dungeon.
             The game lasted 00:10:06 (4179 turns).

croobank the Caller (Octopode Summoner)             Turns: 4179, Time: 00:10:07

Health: -24/34     AC:  1    Str:  7    XL:     5   Next: 51%
Magic:  6/9        EV: 13    Int: 20    God:
Gold:   118        SH:  5    Dex: 12    Spells: 3/9 levels left

rFire   . . .      SeeInvis .   b - +0 arbalest
rCold   . . .      Faith    .   (shield currently unavailable)
rNeg    . . .      Spirit   .   (helmet restricted)
rPois   .          Reflect  +   k - amulet of reflection
rElec   .          Harm     .   (no ring)
rCorr   .          Rampage  .   (no ring)
Will    .....                   (no ring)
Stlth   ++++......              (no ring)
HPRegen 0.11/turn               (no ring)
MPRegen 0.11/turn               (no ring)
                                (no ring)
                                (no ring)

@: very slightly contaminated
A: almost no armour, amphibious, 8 rings, camouflage 1, gelatinous body 1,
(nimble swimmer 1), tentacles
a: no special abilities


You were on level 3 of the Dungeon.
You visited 1 branch of the dungeon, and saw 3 of its levels.

You collected 118 gold pieces.

Inventory:

Hand Weapons
 a - a +0 short sword
 b - a +0 arbalest (weapon)
 d - a +0 dagger
 l - a +0 trident of protection
 m - a +4 halberd of venom
 t - a +1 flail of holy wrath
Missiles
 h - 5 poisoned darts
 r - 2 throwing nets
Magical Staves
 n - a staff of death
Jewellery
 k - an amulet of reflection (around mantle)
 s - a ring of poison resistance
Scrolls
 e - a scroll of fog {unknown}
 i - a scroll of enchant armour {unknown}
 q - a scroll of silence
Potions
 c - 2 potions of magic
 f - a potion of attraction {unknown}
 g - a potion of ambrosia
 j - a potion of mutation
 o - a potion of invisibility
 p - a potion of might
 u - a potion of haste {unknown}


   Skills:
 + Level 1.9 Fighting
 + Level 3.0 Dodging
 + Level 4.3 Stealth
 + Level 2.8 Spellcasting
 + Level 4.6 Summonings
 + Level 0.0 Transmutations


You had 3 spell levels left.
You knew the following spells:

 Your Spells              Type           Power      Damage    Failure   Level
a - Summon Small Mammal   Summ           84%        N/A       2%          1
b - Call Imp              Summ           21%        N/A       3%          2
c - Call Canine Familiar  Summ           21%        N/A       7%          3

Your spell library contained the following spells:

 Spells                   Type           Power      Damage    Failure   Level
 Beastly Appendage        Tmut           4%         N/A       14%         1
 Summon Guardian Golem    Hex/Summ       12%        N/A       17%         3
 Wereblood                Tmut           2%         N/A       22%         2
 Portal Projectile        Hex/Tloc       4%         N/A       41%         3
 Spider Form              Tmut/Pois      2%         N/A       41%         3
 Tukima's Dance           Hex            2%         N/A       41%         3
 Summon Lightning Spire   Summ/Air       12%        N/A       50%         4
 Blade Hands              Tmut           1%         N/A       99%         5
 Irradiate                Conj/Tmut      1%         3d12      99%         5
 Dragon Form              Tmut           1%         N/A       100%        7


Dungeon Overview and Level Annotations

Branches:
Dungeon (3/15)

Altars:
Hepliaklqana


Innate Abilities, Weirdness & Mutations

You cannot wear most types of armour.
You are amphibious.
You can wear up to eight rings at the same time.
Your skin changes colour to match your surroundings (Stealth+).
Your rubbery body absorbs attacks. (AC +1, EV +1)
((You are camouflaged when in or above water. (Stealth+)))
You have tentacles for arms and can constrict up to eight enemies at once.


Message History

Casting: Call Canine Familiar (dangerous; 7% risk of failure)
Confirm with . or Enter, or press ? or * to list all spells.
You shoot a bolt. The bolt closely misses the hobgoblin.
You block the hobgoblin's attack. The hobgoblin completely misses you.
You shoot a bolt. The bolt hits the hobgoblin!
You kill the hobgoblin!
You start resting.
Your hound disappears in a puff of smoke!
Magic restored.
You start resting.
HP restored.
A frilled lizard comes into view.
Found a helmet.
You shoot a bolt. The bolt hits the frilled lizard!
You kill the frilled lizard!
No target in view!
u - an orange potion No target in view!
The goblin shouts!
You shoot a bolt. The bolt hits the goblin!
You kill the goblin!
No target in view!
You shoot a bolt. The bolt hits the ogre!
The ogre is severely wounded.
You shoot a bolt. The bolt barely misses the ogre.
You shoot a bolt. The bolt hits the ogre!
The ogre is almost dead.
You block the ogre's attack.
Casting: Call Canine Familiar (dangerous; 7% risk of failure)
Confirm with . or Enter, or press ? or * to list all spells.
You miscast Call Canine Familiar.
You are very lightly contaminated with residual magic.
Nothing appears to happen.
The ogre hits you with a +0 giant club!!
Ouch! That really hurt!
* * * LOW HITPOINT WARNING * * *
The ogre attacks as you move away!
The ogre hits you with a +0 giant club!!
Ouch! That really hurt!
You die...

#.......## #.
.)#.[....###.. ###.#
##........
##...####.........
#....(............
#...............#.
#######.#..###..........
.......O...####.......#.
.......@....##..........
.....[...............#..
.........###............
.........####........#..
#######.#..........#....
#......#....####..
##.....#....####..
#.....#.....##...
#...........[#)##


You could see an ogre.

Vanquished Creatures
  2 gnolls
  3 worms (D:2)
  A dart slug (D:1)
  An orc (D:2)
  5 bats
  2 endoplasms
  A giant cockroach (D:2)
  A goblin (D:3)
  3 hobgoblins
  A jackal (D:2)
  A kobold (D:3)
  2 frilled lizards
  A rat (D:1)
24 creatures vanquished.

Vanquished Creatures (collateral kills)
  An orc wizard (D:3)
  5 gnolls (D:3)
  An adder (D:3)
  A dart slug (D:2)
  4 orcs (D:3)
  A ball python (D:3)
  An endoplasm (D:1)
  3 giant cockroaches
  3 goblins (D:1)
  A hobgoblin (D:3)
  2 jackals
  A quokka (D:1)
  2 bats
  2 kobolds
  A lurking horror (D:3)
29 creatures vanquished.

Grand Total: 53 creatures vanquished

Notes
Turn   | Place    | Note
-------+----------+-------------------------------------------
     0 | D:1      | croobank the Octopode Summoner began the quest for the Orb.
     0 | D:1      | Reached XP level 1. HP: 11/11 MP: 3/3
   311 | D:1      | Reached XP level 2. HP: 17/17 MP: 5/5
   311 | D:1      | Found a faded altar of an unknown god.
   762 | D:1      | Learned a level 2 spell: Call Imp
  1390 | D:2      | Reached XP level 3. HP: 14/22 MP: 6/6
  1719 | D:2      | Found a hazy altar of Hepliaklqana.
  2205 | D:3      | Reached skill level 1 in Fighting
  2424 | D:3      | Reached XP level 4. HP: 9/28 MP: 3/7
  2707 | D:2      | Learned a level 3 spell: Call Canine Familiar
  3545 | D:3      | Reached XP level 5. HP: 33/33 MP: 1/9
  3685 | D:3      | Noticed an ogre
  4179 | D:3      | Annihilated by an ogre

Illustrated notes

Levels and vault maps discovered:
D:1:      erik_arrival_orb_chamber, layout_loops_ring,
          shapermc_ecumenical_altar_notcrosses, nicolae_hexahallways
D:2:      layout_basic, basic_altar
D:3:      layout_rooms, nicolae_ashenzari_skybound, small_statue_intersection,
          amcnicky_altar_lugonu_corruption

Skill      XL: |  1  2  3  4  5 |
---------------+----------------+-----
Stealth        | 3 4 |  4.3
Fighting       | 1 |  1.9
Dodging        | 3 |  3.0
Spellcasting   | |  2.8
Summonings     | |  4.6

Action                   |  1- 3 |  4- 6 || total
-------------------------+-------+-------++-------
Melee: Short sword       |    46 |    22 ||    68
       Unarmed           |     3 |       ||     3
       Constrict         |    14 |     5 ||    19
       Tentacles         |    12 |     3 ||    15
       Punch             |     1 |       ||     1
 Fire: Arbalest          |       |    12 ||    12
 Cast: Summon Small Mamm |    19 |    11 ||    30
       Call Imp          |     5 |     7 ||    12
       Call Canine Famil |       |     8 ||     8
  Use: Scroll            |     9 |       ||     9
 Stab: Sleeping          |     2 |     1 ||     3
Armor: Skin              |     5 |     5 ||    10
Dodge: Dodged            |    32 |    53 ||    85
Block: Other             |    10 |    17 ||    27
